 Dungeon Crawl Stone Soup version 0.16.2-12-gd0ad4c3 (webtiles) character file.

193 bearone the Sneak (level 6, -4/44 HPs)
             Began as a Human Assassin on Oct 1, 2015.
             Killed from afar by Musteatbrain's ghost (16 damage)
             ... with an orb of energy
             ... on level 3 of the Dungeon.
             The game lasted 00:21:11 (3771 turns).

bearone the Sneak (Human Assassin)                  Turns: 3771, Time: 00:21:11

Health: -4/44      AC:  4    Str: 11    XL:     6   Next: 2%
Magic:  6/6        EV: 12    Int: 12    God:
Gold:   74         SH:  0    Dex: 16    Spells: 0 memorised, 5 levels left

rFire  . . .     SeeInvis .     a - +4 dagger
rCold  . . .     Clarity  .     c - +0 robe
rNeg   . . .     SustAb   .     (no shield)
rPois  .         Gourm    .     (no helmet)
rElec  .         Spirit   .     l - +1 cloak
rCorr  .         Warding  .     (no gloves)
rMut   .         Stasis   .     (no boots)
MR     .....                    (no amulet)
Stlth  +++.......               (no ring)
                                (no ring)

@: not resistant to hostile enchantments, fairly stealthy
A: no striking features
a: no special abilities


You were on level 3 of the Dungeon.
You were not hungry.

You visited 1 branch of the dungeon, and saw 4 of its levels.

You collected 74 gold pieces.

Inventory:

Hand weapons
 a - a +4 dagger (weapon)
 b - a +1 blowgun
 p - a +2 dagger of venom
 s - a cursed -2 hunting sling
Missiles
 e - 7 poisoned needles
 f - 2 curare-tipped needles
 h - a throwing net
 j - 4 tomahawks (quivered)
 n - 5 steel sling bullets
 q - 81 stones
Armour
 c - a +0 robe (worn)
 d - a +0 cloak
 l - a +1 cloak (worn)
Jewellery
 t - an uncursed amulet of guardian spirit {unknown}
Magical devices
 u - a wand of disintegration (14)
Scrolls
 m - a scroll of magic mapping {unknown}
 v - a scroll of identify
Potions
 k - a potion of cure mutation
 o - a potion of brilliance
 r - a potion of mutation
Comestibles
 g - 7 bread rations
 i - a slice of pizza


   Skills:
 - Level 2.0 Fighting
 + Level 3.2 Short Blades
 + Level 3.1 Throwing
 - Level 1.0 Dodging
 * Level 5.9 Stealth
 * Level 0.4 Evocations


You had 5 spell levels left.
You didn't know any spells.

Dungeon Overview and Level Annotations

Branches:
Dungeon (4/15)             Temple (0/1) D:4

Altars:
Okawaru
Ru
Xom
The Shining One

Annotations:
D:3 Musteatbrain's ghost, average SpCj


Message History

Musteatbrain's ghost casts a spell at you.
The orb of energy hits you!
Musteatbrain's ghost points at you and mumbles some strange words.
The magic dart hits you!
Read which item? (? for menu, Esc to quit)
Okay, then.
Drink which item? (? for menu, Esc to quit)
Okay, then.
Musteatbrain's ghost gestures at you while chanting.
The magic dart hits you!
* * * LOW HITPOINT WARNING * * *
Musteatbrain's ghost whispers, "There is no future for you."
Musteatbrain's ghost gestures at you while chanting.
The orb of energy misses you.
Musteatbrain's ghost casts a spell at you.
The orb of energy misses you.
The orb of energy explodes!
You hear a shout!
Musteatbrain's ghost points at you and mumbles some strange words.
The orb of energy hits you!
You die...

##..###....###...........##......
#....##.....##..#.).....)##....#.
##..###..................####.###
......##.####W.##.........###.# #
#._.####.## #..###..#.###.....###
#######W..# #...###....####......
........#.# ##...####..##...#####
######.##.# #.#.#........###....
##.##.## #.#@#......W.....#..
#...#..# #.#........#........
##.#.##.# #.###......#......#.
##..#..#.###.# #......<........
##..###.W..##.# #.........<..###
##..## ##...##.# #..#.##....)...#
#..##...##..##.# #.#..##.#.......
..##..#..##..#รท###.#.###.........
.##..#.#..##................####.


You could see Musteatbrain's ghost.

Vanquished Creatures
  An orc priest (D:2)
  6 adders
  A giant mite (D:2)
  4 worms
  A giant gecko (D:1)
  An ooze (D:3)
  7 orcs
  2 giant cockroaches (D:3)
  5 goblins
  10 hobgoblins
  A ball python (D:3)
  13 bats
  7 giant newts
  8 kobolds
  9 rats
76 creatures vanquished.

Notes
Turn   | Place    | Note
--------------------------------------------------------------
     0 | D:1      | bearone, the Human Assassin, began the quest for the Orb.
     0 | D:1      | Reached XP level 1. HP: 16/16 MP: 1/1
   334 | D:1      | Reached XP level 2. HP: 19/22 MP: 2/2
   646 | D:1      | Reached XP level 3. HP: 20/27 MP: 3/3
  1333 | D:2      | Reached XP level 4. HP: 33/33 MP: 4/4
  1344 | D:2      | Reached skill level 5 in Stealth
  1936 | D:3      | Noticed Musteatbrain's ghost (average SpCj)
  2291 | D:2      | Reached XP level 5. HP: 38/38 MP: 5/5
  2651 | D:4      | Found a staircase to the Ecumenical Temple.
  2674 | D:3      | Found a glowing golden altar of the Shining One.
  3670 | D:3      | Found a sacrificial altar of Ru.
  3670 | D:3      | Found a shimmering altar of Xom.
  3699 | D:3      | Reached XP level 6. HP: 40/44 MP: 6/6
  3712 | D:3      | Found an iron altar of Okawaru.
  3771 | D:3      | Killed from afar by Musteatbrain's ghost

Action                   |  1- 3 |  4- 6 || total
-------------------------+-------+-------++-------
Melee: Dagger            |   118 |    69 ||   187
 Fire: Blowgun           |     8 |    48 ||    56
Throw: Tomahawk          |       |     2 ||     2
       Throwing net      |       |     1 ||     1
  Use: Scroll            |     5 |     8 ||    13
 Stab: Sleeping          |     3 |     8 ||    11
  Eat: Chunk             |     1 |     5 ||     6
       Pizza             |       |     2 ||     2
